 Dungeon Crawl Stone Soup version 0.19-a0-805-g0a78ef0 (webtiles) character file.

196 Stormbringer the Insei (level 5, -4/41 HPs)
             Began as a Mummy Monk on June 27, 2016.
             Slain by a gnoll shaman
             ... wielding a +0 whip
              (6 damage)
             ... on level 3 of the Dungeon.
             The game lasted 00:09:42 (11031 turns).

Stormbringer the Insei (Mummy Monk)                Turns: 11031, Time: 00:09:43

Health: -4/41      AC:  1    Str: 14    XL:     5   Next: 46%
Magic:  5/5        EV: 13    Int:  9    God:
Gold:   153        SH:  0    Dex: 19    Spells: 0 memorised, 4 levels left

rFire  x . .     SeeInvis .       - Unarmed
rCold  + . .     Gourm    .     (no armour)
rNeg   + + +     Faith    .     (no shield)
rPois  ∞         Spirit   .     (no helmet)
rElec  .         Dismiss  .     (no cloak)
rCorr  .         Reflect  .     h - +0 pair of gloves
SustAt .         Harm     .     (no boots)
MR     .....                    (no amulet)
Stlth  ++........               (no ring)
                                g - +3 ring of dexterity

@: not resistant to hostile enchantments, unstealthy
A: no food or potions, fire vulnerability, cold resistance 1, negative energy
resistance 3, torment resistance, unbreathing
a: no special abilities


You were on level 3 of the Dungeon.
You were not hungry.

You visited 1 branch of the dungeon, and saw 4 of its levels.

You collected 153 gold pieces.


Innate Abilities, Weirdness & Mutations

You do not eat or drink.
Your flesh is vulnerable to fire.
You are immune to poison.
Your flesh is cold resistant. (rC+)
You are immune to negative energy. (rN+++)
You are immune to unholy pain and torment.
You can survive without breathing.


   Skills:
 - Level 3.0 Fighting
 + Level 2.7 Dodging
 - Level 1.5 Stealth
 - Level 5.0 Unarmed Combat


You had 4 spell levels left.
You didn't know any spells.

Inventory:

Armour
 h - a +0 pair of gloves (worn)
Jewellery
 g - a +3 ring of dexterity (left hand)
 i - an uncursed amulet of harm (quivered) {unknown}
 j - a +3 amulet of reflection {unknown}
Scrolls
 a - 3 scrolls of identify {@r1}
 b - a scroll of enchant weapon
 c - 2 scrolls of magic mapping
 d - a scroll of noise {!r}
 e - 2 scrolls of remove curse
 f - a scroll of recharging

Dungeon Overview and Level Annotations

Branches:
Dungeon (4/15)
 Temple: D:4-7

Altars:
Fedhas
Sif Muna

Annotations:
D:2 exclusions: oklob plant and 3 upstairs
D:3 !FUN
D:4 exclusion: upstairs

.......+............▒▒▒.....)....
.......▒▒▒............▒....(.....
.......+.......▒▒.....▒..........
.......▒▒▒▒.▒..▒......▒..........
.▒▒▒▒▒▒▒▒▒▒.▒.........▒▒▒▒▒▒▒▒▒▒▒
..........▒.▒.▒..▒..▒.▒
.▒......▒.▒.▒[▒..▒..▒.▒
.▒......▒.▒[▒..g....▒.▒
........▒'▒.....M...▒.▒
▒...................+.▒
▒...................▒▒▒
▒.<.................▒ ▒▒▒▒▒
▒..........▒▒..▒.▒▒▒▒


+yyyy ▒..........▒▒..▒.▒▒▒▒▒ ▒▒▒▒▒ ▒..........▒▒..▒.....▒ ▒.)........▒▒..▒.▒▒▒.▒
....▒.▒........▒.....▒ You could see a gnoll shaman.


Message History

You squash the gnoll shaman like an ant!
The gnoll shaman is heavily wounded!
You squash the gnoll shaman but do no damage!
The gnoll shaman is heavily wounded!
The gnoll shaman misses you!
You pummel the gnoll shaman like a punching bag!
The gnoll shaman is heavily wounded!
The gnoll shaman barely misses you!
You closely miss the gnoll shaman!
The gnoll shaman is heavily wounded!
The gnoll shaman hits you with a whip!
You are too injured to fight recklessly!!!
You are too injured to fight recklessly!!!
You are too injured to fight recklessly!!!
You pummel the gnoll shaman like a punching bag!
The gnoll shaman is almost dead!
The gnoll shaman prays to its god!
The gnoll shaman is healed somewhat!
You squash the gnoll shaman but do no damage!
The gnoll shaman is heavily wounded!
The gnoll shaman hits you with a whip!!! * * * don't die
* * * You pummel the gnoll shaman but do no damage!
The gnoll shaman is heavily wounded!
The gnoll shaman hits you with a whip!!! * * * don't die
* * * You pulverise the gnoll shaman!
The gnoll shaman is heavily wounded!
The gnoll shaman hits you with a whip! rip

Action                   |  1- 3 |  4- 6 || total
-------------------------+-------+-------++-------
Melee: Unarmed           |   170 |   208 ||   378
       Punch             |     2 |     6 ||     8
  Use: Scroll            |     5 |     2 ||     7
 Stab: Sleeping          |     3 |     3 ||     6
       Distracted        |       |     1 ||     1
Armor: Skin              |     2 |     7 ||     9
Dodge: Dodged            |   116 |   113 ||   229

Vault maps used:
D:1:      matt_arrival_diagonals
D:2:      ecumenical_altar_2, tgw_fedhas
D:3:      lemuel_upstairs_altar, first_bread, lemuel_statue_altar
D:4:      grunt_ministairs_10

Notes
Turn   | Place    | Note
--------------------------------------------------------------
     0 | D:1      | Stormbringer the Mummy Monk began the quest for the Orb.
     0 | D:1      | Reached XP level 1. HP: 18/18 MP: 1/1
   707 | D:1      | Reached XP level 2. HP: 15/24 MP: 2/2
   889 | D:1      | Reached skill level 3 in Unarmed Combat
  1218 | D:1      | HP: 2/24 [kobold/dagger (6)]
  1748 | D:1      | Reached XP level 3. HP: 24/29 MP: 3/3
  1933 | D:2      | Found a faded altar of an unknown god.
  2639 | D:2      | Found a blossoming altar of Fedhas.
  2659 | D:2      | Noticed an oklob plant
  2930 | D:3      | Reached skill level 4 in Unarmed Combat
  3033 | D:3      | Reached XP level 4. HP: 35/35 MP: 4/4
  4778 | D:3      | Reached XP level 5. HP: 30/41 MP: 5/5
  5096 | D:3      | Found a deep blue altar of Sif Muna.
  8292 | D:1      | Reached skill level 5 in Unarmed Combat
 10177 | D:1      | Noticed a mottled dragon
 10251 | D:1      | Noticed a wolf spider
 10688 | D:4      | HP: 3/41 [gnoll/flail (7)]
 11030 | D:3      | HP: 2/41 [gnoll shaman/whip (10)]
 11031 | D:3      | Slain by a gnoll shaman

Vanquished Creatures
  A worker ant (D:3)
  2 gnolls (D:4)
  3 adders
  3 worms (D:2)
  5 dart slugs
  6 giant geckos
  9 orcs
  A ball python (D:2)
  15 bats
  7 giant cockroaches
  11 goblins
  6 hobgoblins
  8 kobolds
  A quokka (D:2)
  6 giant newts
  A quokka skeleton (D:1)
  5 rats
90 creatures vanquished.
